 Dungeon Crawl Stone Soup version 0.29-a0-613-gf2c431b9b9 (webtiles) character file.

Game seed: 15603137659499988104

39 croobank the Covert (level 3, 0/35 HPs)
             Began as a Gnoll Delver on June 16, 2022.
             Was an Initiate of Gozag.
             Slain by an adder (1 damage)
             ... on level 3 of the Dungeon.
             The game lasted 00:06:08 (261 turns).

croobank the Covert (Gnoll Delver)                   Turns: 261, Time: 00:06:08

Health: 0/35       AC:  3    Str:  8 (11) XL:     3   Next: 47%
Magic:  4/4        EV: 12    Int:  9 (11) God:    Gozag
Gold:   9          SH:  0    Dex: 11 (13) Spells: 3/3 levels left

rFire   . . .      SeeInvis .   a - +0 hand axe
rCold   . . .      Faith    .   (no shield)
rNeg    . . .      Spirit   .   b - +0 leather armour
rPois   .          Reflect  .   (no helmet)
rElec   .          Harm     .   (no cloak)
rCorr   .          Rampage  .   (no gloves)
Will    .....                   (no boots)
Stlth   ++++......              (no amulet)
HPRegen 0.11/turn               (no ring)
MPRegen 0.09/turn               (no ring)

@: lethally poisoned (0 -> -5)
A: fangs 1, strong nose, distributed training
a: Renounce Religion, Potion Petition, Call Merchant, Bribe Branch


You were on level 3 of the Dungeon.
You worshipped Gozag.
Gozag was noncommittal.
You visited 1 branch of the dungeon, and saw 3 of its levels.

You collected 23 gold pieces.
You paid 14 gold pieces to Gozag.

Inventory:

Hand Weapons
 a - a +0 hand axe (weapon)
Armour
 b - a +0 leather armour (worn)
 d - a +0 hat
Wands
 g - a wand of digging (2)
Scrolls
 c - a scroll of fog


   Skills:
 + Level 6.5 Fighting
 + Level 0.8 Short Blades
 + Level 0.8 Long Blades
 + Level 4.5 Axes
 + Level 0.8 Maces & Flails
 + Level 0.8 Polearms
 + Level 0.8 Staves
 + Level 0.8 Slings
 + Level 0.8 Bows
 + Level 0.8 Crossbows
 + Level 0.8 Throwing
 + Level 0.8 Armour
 + Level 4.5 Dodging
 + Level 9.6 Stealth
 + Level 0.8 Shields
 + Level 0.8 Unarmed Combat
 + Level 0.8 Spellcasting
 + Level 0.5 Conjurations
 + Level 0.5 Hexes
 + Level 0.5 Summonings
 + Level 0.5 Necromancy
 + Level 0.5 Translocations
 + Level 0.5 Transmutations
 + Level 0.5 Fire Magic
 + Level 0.5 Ice Magic
 + Level 0.5 Air Magic
 + Level 0.5 Earth Magic
 + Level 0.5 Poison Magic
 + Level 1.0 Invocations
 + Level 0.8 Evocations


You had 3 spell levels left.
You didn't know any spells.
Your spell library was empty.

Dungeon Overview and Level Annotations

Branches:
Dungeon (5/15)             Temple (0/1) D:4

Altars:
Dithmenos
Gozag
The Shining One

Annotations:
D:3 Terence


Innate Abilities, Weirdness & Mutations

You have very sharp teeth.
Your uncanny sense of smell can sniff out nearby items.
Your experience applies equally to all skills.


Message History

The orc attacks as you move away! The orc hits you but does no damage.
The orc attacks as you move away! The orc completely misses you.
Terence says, "Time to say good-bye..."
The adder attacks as you move away! The adder closely misses you.
A goblin comes into view. It is wielding a +0 club.
The goblin shouts!
You hear a shout!
The adder barely misses you.
You hear a shout!
Found a buckler.
The adder misses you. The goblin hits you with a +0 club.
The adder completely misses you. The goblin attacks as you move away!
The goblin hits you with a +0 club.
Found a spear.
The adder barely misses you. The adder bites you. The orc misses you.
The orc attacks as you move away! The orc closely misses you.
The adder attacks as you move away! The adder bites you.
The orc attacks as you move away! The orc hits you with a +0 dagger.
* * * LOW HITPOINT WARNING * * *
The goblin attacks as you move away! The goblin hits you with a +0 club.
* * * LOW HITPOINT WARNING * * *
The adder bites you.
* * * LOW HITPOINT WARNING * * *
It was a potion of degeneration.
There was something very wrong with that liquid.
You feel weakened.
You feel dopey.
You feel clumsy. The adder closely misses you.
You hit the adder.
The adder is moderately wounded.
The adder bites you.
* * * LOW HITPOINT WARNING * * *
You are lethally poisoned!
The adder poisons you!
You closely miss the adder.
The adder is moderately wounded.
* * * LOW HITPOINT WARNING * * *
You feel sick. The adder bites you.
You die...
Your body crumbles into a pile of gold.

#.# #.# #.#
###.####
#....[.#
#......#
#......# #
#.....@####..#
#.....oS@.).#
#.....g######
#......#
#......#
#......#
#......#
########


You could see Terence, an adder, an orc and a goblin.

Vanquished Creatures
  Jessica (D:3)
  An adder (D:4)
  A dart slug (D:4)
  A hobgoblin (D:4)
  A kobold (D:3)
5 creatures vanquished.

Notes
Turn   | Place    | Note
-------+----------+-------------------------------------------
     0 | D:5      | Reached skill level 9 in Stealth
     0 | D:5      | croobank the Gnoll Delver began the quest for the Orb.
     0 | D:5      | Reached XP level 1. HP: 23/23 MP: 1/1
    18 | D:5      | Found a shadowy altar of Dithmenos.
    19 | D:5      | Found a glowing golden altar of the Shining One.
    60 | D:4      | Noticed a jelly
    88 | D:5      | Noticed a bullfrog
    94 | D:5      | Noticed an ogre
   139 | D:5      | Found an opulent altar of Gozag.
   148 | D:5      | Became a worshipper of Gozag Ym Sagoz the Greedy
   178 | D:4      | Noticed a hound
   186 | D:4      | Reached XP level 2. HP: 21/29 MP: 2/2
   216 | D:3      | Noticed Jessica
   225 | D:3      | Killed Jessica
   226 | D:3      | Reached skill level 1 in Invocations
   226 | D:3      | Reached XP level 3. HP: 25/35 MP: 2/4
   226 | D:3      | Noticed Terence
   261 | D:3      | HP: 1/35 [poisoned by an adder]
   261 | D:3      | Slain by an adder

Illustrated notes

Levels and vault maps discovered:
D:3:      minmay_diamond_boxcup, layout_rooms, uniq_terence, uniq_jessica
D:4:      layout_loops_ring, lemuel_doored_altar, mainiacjoe_overflow_paths,
          temple_pool_b, portal_sewer_entry_e, serial_shops,
          nicolae_shop_bloodbath_and_beyond
D:5:      layout_basic, lemuel_round_altar, grunt_gozag_breadcrumbs,
          mainiacjoe_overflow_divided_tiny, kennysheep_generic_room_7

Skill      XL: |  1  2 |
---------------+-------+-----
Stealth        | |  9.6
Invocations    | 1 |  1.0
Fighting       | |  6.5
Short Blades   | |  0.8
Long Blades    | |  0.8
Axes           | |  4.5
Maces & Flails | |  0.8
Polearms       | |  0.8
Staves         | |  0.8
Slings         | |  0.8
Bows           | |  0.8
Crossbows      | |  0.8
Throwing       | |  0.8
Armour         | |  0.8
Dodging        | |  4.5
Shields        | |  0.8
Unarmed Combat | |  0.8
Spellcasting   | |  0.8
Conjurations   | |  0.5
Hexes          | |  0.5
Summonings     | |  0.5
Necromancy     | |  0.5
Translocations | |  0.5
Transmutations | |  0.5
Fire Magic     | |  0.5
Ice Magic      | |  0.5
Air Magic      | |  0.5
Earth Magic    | |  0.5
Poison Magic   | |  0.5
Evocations     | |  0.8

Action                   || total
-------------------------++-------
Melee: Hand axe          ||    15
Evoke: Wand              ||     1
  Use: Scroll            ||     3
       Potion            ||     2
 Stab: Sleeping          ||     2
Armor: Leather armour    ||     5
Dodge: Dodged            ||    11

Table legend: (Time is in decaauts)
 A = Elapsed time spent in this place.
 B = Non-inter-level travel time spent in this place.
 C = Inter-level travel time spent in this place.
 D = Time resting spent in this place.
 E = Time spent auto-exploring this place.
 F = Levels seen in this place.
 G = Mean time per level.
                   A        B        C        D        E       F      G
               +--------+--------+--------+--------+--------+-----+--------+
         Total |    245 |    245 |      0 |      0 |     89 |   3 |   81.7 |
       Dungeon |    245 |    245 |      0 |      0 |     89 |   3 |   81.7 |
               +--------+--------+--------+--------+--------+-----+--------+

Top non-repeatable levels by time:
     D:5: 167 daAuts
     D:3: 40 daAuts
     D:4: 37 daAuts
